 Dungeon Crawl Stone Soup version 0.26.0-10-g1f06aea511 (webtiles) character file.

Game seed: 2968484705948196202

72 Arum the Skirmisher (level 4, -2/37 HPs)
             Began as a Mummy Fighter on Jan 15, 2021.
             Was an Initiate of Cheibriados.
             Killed by divine providence
             ... invoked by an orc priest
              (9 damage)
             ... on level 3 of the Dungeon.
             The game lasted 00:02:51 (2406 turns).

Arum the Skirmisher (Mummy Fighter)                 Turns: 2406, Time: 00:02:52

Health: -2/37      AC:  8    Str: 21    XL:     4   Next: 7%
Magic:  4/4        EV:  7    Int:  8    God:    Cheibriados [......]
Gold:   140        SH:  9    Dex: 12    Spells: 3/3 levels left

rFire    x . .     SeeInvis .   a - +0 long sword
rCold    + . .     Faith    .   c - +0 kite shield
rNeg     + + +     Spirit   .   b - +0 scale mail
rPois    ∞         Reflect  .   i - +0 helmet
rElec    .         Harm     .   (no cloak)
rCorr    .         Rampage  .   (no gloves)
Will     .....                  f - +0 pair of boots (curse)
Stlth    ..........             (no amulet)
HPRegen  0.12/turn              (no ring)
MPRegen  0.09/turn              (no ring)

@: very slow
A: no potions, fire vulnerability, cold resistance 1, negative energy resistance
3, torment resistance, unbreathing
a: Renounce Religion, Bend Time


You were on level 3 of the Dungeon.
You worshipped Cheibriados.
Cheibriados was noncommittal.
You visited 1 branch of the dungeon, and saw 3 of its levels.

You collected 140 gold pieces.

Inventory:

Hand Weapons
 a - a +0 long sword (weapon)
Armour
 b - a +0 scale mail (worn)
 c - a +0 kite shield (worn)
 f - a cursed +0 pair of boots (worn)
 i - a +0 helmet (worn)
Scrolls
 d - a scroll of magic mapping {unknown}
 e - 5 scrolls of identify {unknown}
 g - 2 scrolls of random uselessness {unknown}
 h - 2 scrolls of remove curse {unknown}
 j - a scroll of enchant weapon {unknown}


   Skills:
 + Level 3.7 Fighting
 + Level 2.3 Long Blades
 - Level 2.4 Armour
 + Level 3.1 Shields


You had 3 spell levels left.
You didn't know any spells.
Your spell library was empty.

Dungeon Overview and Level Annotations

Branches:
Dungeon (3/15)

Altars:
Cheibriados
Dithmenos
Sif Muna


Innate Abilities, Weirdness & Mutations

You do not drink.
Your flesh is vulnerable to fire.
You are immune to poison.
Your flesh is cold resistant. (rC+)
You are immune to negative energy. (rN+++)
You are immune to unholy pain and torment.
You can survive without breathing.


Message History

You slash the orc!
You kill the orc!
Cheibriados appreciates the change of pace.
The orc priest hits you but does no damage.
You hit the orc priest but do no damage.
The orc priest hits you but does no damage.
You closely miss the orc priest.
The orc priest casts a cantrip, but nothing happens.
You closely miss the orc priest.
The orc priest hits you but does no damage.
The orc priest calls down the wrath of Beogh upon you.
Beogh smites you!
* * * LOW HITPOINT WARNING * * *
You are too injured to fight recklessly!
You are too injured to fight recklessly!
You are too injured to fight recklessly!
You hit the orc priest but do no damage.
The orc priest mumbles some strange prayers to Beogh against you.
Beogh smites you!
You die...

#.#.##.####.##.#
#.#.##.#........
#.#.##.#.##.##.#
#.#.##.#..#.##.#
#.#.##.#..#....#
###......#.#######
#......#.........#
#.######.#....##<#
#@# #.#.#...# #
#o# #.#.#...# #
#o# #.#.....# #
#.# #.#.# ..# #.#
#.#.. ..# #.# #.
## #.# #.#


You could see 2 orc priests.

Vanquished Creatures
  2 adders
  3 worms
  2 dart slugs (D:1)
  A leopard gecko (D:1)
  An orc (D:3)
  7 bats
  5 giant cockroaches
  6 goblins (D:1)
  4 hobgoblins
  A jackal (D:2)
  A kobold (D:1)
  A ball python (D:1)
  A frilled lizard (D:1)
  4 rats
39 creatures vanquished.

Notes
Turn   | Place    | Note
-------+----------+-------------------------------------------
     0 | D:1      | Arum the Mummy Fighter began the quest for the Orb.
     0 | D:1      | Reached XP level 1. HP: 18/18 MP: 1/1
   253 | D:1      | Reached XP level 2. HP: 24/24 MP: 2/2
  1145 | D:1      | Reached XP level 3. HP: 29/29 MP: 3/3
  1812 | D:2      | Found a faded altar of an unknown god.
  1973 | D:2      | Became a worshipper of Sif Muna the Loreminder
  1973 | D:2      | Reached * piety under Sif Muna
  2174 | D:3      | Found a snail-covered altar of Cheibriados.
  2189 | D:3      | Fell from the grace of Sif Muna
  2189 | D:3      | Became a worshipper of Cheibriados the Contemplative
  2228 | D:3      | Reached XP level 4. HP: 32/37 MP: 4/4
  2267 | D:3      | Found a shadowy altar of Dithmenos.
  2406 | D:3      | Killed from afar by an orc priest

Illustrated notes

Levels and vault maps discovered:
D:1:      dpeg_arrival_tiny_j, layout_basic,
          wander_ebering_terrifying_dragon_lair
D:2:      layout_rooms, chequers_ecumenical_altar_twisty, minmay_box_of_dots
D:3:      layout_basic, lemuel_doored_altar, gammafunk_temple_overflow_wave,
          lemuel_tele_altar

Skill      XL: |  1  2  3 |
---------------+----------+-----
Long Blades    | 2 |  2.3
Shields        | 3 |  3.1
Fighting       | |  3.7
Armour         | |  2.4

Action                   |  1- 3 |  4- 6 || total
-------------------------+-------+-------++-------
Melee: Long sword        |   126 |    11 ||   137
Armor: Scale mail        |    66 |     6 ||    72
Dodge: Dodged            |    40 |     1 ||    41
Block: Kite shield       |    63 |     2 ||    65
       Rpst.: Long sword |    15 |       ||    15
